[Event "ICC tourney 1954 (60 10)"]
[Site "Internet Chess Club"]
[Date "2020.08.08"]
[Round "6"]
[White "GradyL"]
[Black "RONAKSHERGIL"]
[Result "0-1"]
[ICCResult "White checkmated"]
[WhiteElo "1050"]
[BlackElo "974"]
[Opening "French: exchange variation"]
[ECO "C01"]
[NIC "FR.01"]
[Time "18:33:06"]
[TimeControl "3600+10"]

1. e4 e6 2. d4 d5 3. exd5 exd5 4. Bd3 Bd6 5. Nc3 Ne7 6. Nf3 Bg4 7. h3 Bh5 8.
Bd2 Nbc6 9. Be3 Qd7 10. Qe2 Bb4 11. O-O O-O 12. Qd1 Nf5 13. Bd2 Nfxd4 14.
Be2 Nxe2+ 15. Qxe2 Nd4 16. Qd3 Nxf3+ 17. gxf3 Qxh3 18. f4 Bf3 19. Qxf3 Qxf3
20. Rab1 Rfe8 21. Be3 Re6 22. f5 Qxf5 23. Ne2 Rg6+ 24. Ng3 Qh5 25. Kg2 Bd6
26. f4 Qh4 27. Rf3 Re8 28. Bf2 Bxf4 29. Rh1 Qg5 30. Rh5 Qxh5 31. Rxf4 Ree6
32. Rf3 Re2 33. Rc3 Rxf2+ 34. Kxf2 Qh2+ 35. Kf1 Rxg3 36. Rxc7 Rg1#
{White checkmated}
0-1

[Event "ICC tourney 1954 (60 10)"]
[Site "Internet Chess Club"]
[Date "2020.08.08"]
[Round "6"]
[White "ClydeChess"]
[Black "ryan-simshauser"]
[Result "0-1"]
[ICCResult "White resigns"]
[WhiteElo "1214"]
[BlackElo "906"]
[Opening "QGD: Ragozin variation"]
[ECO "D38"]
[NIC "NI.27"]
[Time "18:31:47"]
[TimeControl "3600+10"]

1. d4 d5 2. c4 e6 3. Nf3 Nf6 4. Nc3 Bb4 5. cxd5 exd5 6. Bg5 O-O 7. e3 h6 8.
Bh4 Bf5 9. Bd3 Bg4 10. O-O Be7 11. Qb3 Bxf3 12. gxf3 Nbd7 13. Kh1 c5 14. Qc2
Rc8 15. Bf5 Rc6 16. Rg1 Nh5 17. Bxe7 Qxe7 18. Qd1 cxd4 19. Qd3 dxc3 20. Qxd5
Ndf6 21. Qb3 cxb2 22. Qxb2 Kh8 23. Rg4 Nxg4 {White resigns} 0-1

[Event "ICC tourney 1954 (60 10)"]
[Site "Internet Chess Club"]
[Date "2020.08.08"]
[Round "6"]
[White "boxingguy2469x"]
[Black "kushagra12"]
[Result "0-1"]
[ICCResult "White resigns"]
[WhiteElo "1177"]
[BlackElo "866"]
[Opening "Sicilian: Pelikan (Lasker/Sveshnikov) variation"]
[ECO "B33"]
[NIC "SI.35"]
[Time "18:32:26"]
[TimeControl "3600+10"]

1. e4 c5 2. Nf3 Nc6 3. d4 cxd4 4. Nxd4 Nf6 5. Nc3 e5 6. Nb3 Bb4 7. Bg5 O-O
8. Bc4 h6 9. Bh4 d6 10. O-O g5 11. Bg3 Bxc3 12. bxc3 Nxe4 13. Qd3 Nxg3 14.
fxg3 Ne7 15. Qf3 d5 16. Rad1 Qb6+ 17. Kh1 dxc4 18. Nd2 Qe6 19. Ne4 f5 20.
Rd6 Qf7 21. Rxh6 fxe4 22. Rf6 Qxf6 23. Qxf6 Rxf6 24. Rxf6 Kg7 25. Rd6 Bg4
26. h4 e3 27. Kg1 e2 28. Kf2 Rf8+ 29. Ke1 Rf1+ {White resigns} 0-1

[Event "ICC tourney 1954 (60 10)"]
[Site "Internet Chess Club"]
[Date "2020.08.08"]
[Round "6"]
[White "TigranJunior"]
[Black "DanielYang99"]
[Result "1-0"]
[ICCResult "Black resigns"]
[WhiteElo "1304"]
[BlackElo "611"]
[Opening "Queen's pawn game, Chigorin variation"]
[ECO "A04"]
[NIC "QP.11"]
[Time "18:32:26"]
[TimeControl "3600+10"]

1. Nf3 Nc6 2. d4 d5 3. Bf4 e6 4. e3 Bd6 5. Bxd6 Qxd6 6. a3 Nf6 7. b4 O-O 8.
c4 Re8 9. c5 Qe7 10. Bd3 a6 11. Ne5 Bd7 12. O-O Nxe5 13. dxe5 Ne4 14. Qc2
Bc6 15. Nd2 Nxd2 16. Qxd2 g6 17. Qe2 Qg5 18. f4 Qh6 19. g4 Rad8 20. Qf2 Rd7
21. g5 Qh3 22. Qg3 Qxg3+ 23. hxg3 d4 24. e4 Bb5 25. Rfd1 Bxd3 26. Rxd3 b5
27. Rad1 Red8 28. Kg2 c6 29. g4 Kg7 30. Rh1 Kg8 31. Rh6 Kg7 32. Kf2 Ra8 33.
Rdh3 Kf8 34. Rxh7 Ke7 35. Rd3 a5 36. Rhh3 axb4 37. f5 gxf5 38. gxf5 bxa3 39.
f6+ {Black resigns} 1-0

[Event "ICC tourney 1954 (60 10)"]
[Site "Internet Chess Club"]
[Date "2020.08.08"]
[Round "6"]
[White "lovechess12"]
[Black "Yeetamus123"]
[Result "1-0"]
[ICCResult "Black resigns"]
[WhiteElo "1232"]
[BlackElo "1083"]
[Opening "Ruy Lopez: classical defense, 4.c3"]
[ECO "C64"]
[NIC "RL.01"]
[Time "18:32:21"]
[TimeControl "3600+10"]

1. e4 e5 2. Nf3 Nc6 3. Bb5 Bc5 4. c3 d6 5. d4 exd4 6. cxd4 Bb4+ 7. Bd2 Bxd2+
8. Nbxd2 Bd7 9. O-O Nf6 10. e5 dxe5 11. dxe5 Ng4 12. Qb3 O-O 13. Rfe1 Re8
14. Rad1 Ncxe5 15. Ne4 c6 16. Bc4 Nxc4 17. Qxc4 Qc7 18. h3 Be6 19. Qc3 Nh6
20. Nc5 Bd5 21. Nd4 Rad8 22. Re3 Rxe3 23. Qxe3 Be6 24. Ncxe6 fxe6 25. Rc1 e5
26. Ne6 Nf5 27. Qg5 h6 28. Qxd8+ Qxd8 29. Nxd8 {Black resigns} 1-0

[Event "ICC tourney 1954 (60 10)"]
[Site "Internet Chess Club"]
[Date "2020.08.08"]
[Round "6"]
[White "diamondearring"]
[Black "Andrew588"]
[Result "1/2-1/2"]
[ICCResult "Game drawn by repetition"]
[WhiteElo "937"]
[BlackElo "1204"]
[Opening "Sicilian: Kan, 5.Nc3"]
[ECO "B43"]
[NIC "SI.41"]
[Time "18:32:26"]
[TimeControl "3600+10"]

1. e4 c5 2. Nf3 e6 3. d4 cxd4 4. Nxd4 a6 5. Nc3 Qc7 6. Be3 Bc5 7. Qe2 Nf6 8.
O-O-O d6 9. f3 O-O 10. g3 b5 11. Bh3 Bb7 12. Kb1 Nc6 13. Nxc6 Qxc6 14. Qd2
Rfd8 15. Ne2 Qb6 16. Nd4 e5 17. Bf5 Bxd4 18. Bh6 Rdc8 19. Bxg7 Kxg7 20. Qg5+
Kf8 21. Qxf6 Rc7 22. Be6 Qc5 23. Bb3 a5 24. c3 Bxc3 25. Rc1 a4 26. Rxc3 Qb6
27. Rxc7 Qxc7 28. Rc1 Qd7 29. Bd5 Bxd5 30. exd5 Ra7 31. Qh6+ Kg8 32. Qg5+
Kh8 33. Qf6+ Kg8 34. Qg5+ Kh8 35. Qf6+ Kg8 36. Qg5+ {Game drawn by
repetition} 1/2-1/2

[Event "ICC tourney 1954 (60 10)"]
[Site "Internet Chess Club"]
[Date "2020.08.08"]
[Round "6"]
[White "akhanna"]
[Black "ayanloveschess"]
[Result "0-1"]
[ICCResult "White checkmated"]
[WhiteElo "371"]
[BlackElo "722"]
[Opening "Queen's pawn game, Chigorin variation"]
[ECO "D02"]
[NIC "QP.08"]
[Time "18:31:54"]
[TimeControl "3600+10"]

1. d4 d5 2. Nf3 Nc6 3. Bg5 h6 4. Bh4 Bg4 5. e3 Nf6 6. Bxf6 exf6 7. Bd3 Bb4+
8. c3 Bd6 9. O-O O-O 10. Nbd2 Re8 11. Qb3 Rb8 12. Qxd5 Bxh2+ 13. Nxh2 Qxd5
14. Nxg4 Qe6 15. f3 h5 16. Bc4 Qe7 17. Nf2 Qxe3 18. Ne4 f5 19. Ng5 Qxg5 20.
Bb5 Re2 21. Bxe2 Qd2 22. Bd3 Qxb2 23. Bxf5 Qxc3 24. d5 Ne7 25. Be4 Rd8 26.
Rac1 Qf6 27. Rxc7 Qb6 28. Rxe7 Kf8 29. Re5 g6 30. Rb1 Qd6 31. Nd3 b6 32. Rc1
f5 33. Rc6 Qa3 34. Bxf5 gxf5 35. Rxf5+ Kg7 36. Ne5 Rd6 37. Rc7+ Kg8 38. Rg5+
Kf8 39. Nd7+ Rxd7 40. Rxd7 Qe3+ 41. Kh2 Qxg5 42. Rxa7 Qxd5 43. Ra6 Qe5+ 44.
g3 h4 45. Rxb6 Qxg3+ 46. Kh1 Qxf3+ 47. Kh2 Qf2+ 48. Kh3 Qxb6 49. Kxh4 Qa5
50. Kg3 Qxa2 51. Kf4 Qb3 52. Ke5 Qc4 53. Kf5 Qd4 54. Ke6 Qc5 55. Kf6 Qd5 56.
Kg6 Qe5 57. Kh6 Qg3 58. Kh7 Qg7# {White checkmated} 0-1

[Event "ICC tourney 1954 (60 10)"]
[Site "Internet Chess Club"]
[Date "2020.08.08"]
[Round "6"]
[White "palashg"]
[Black "sakethdesu"]
[Result "1-0"]
[ICCResult "Black checkmated"]
[WhiteElo "1158"]
[BlackElo "861"]
[Opening "Giuoco Piano"]
[ECO "C53"]
[NIC "IG.02"]
[Time "18:32:19"]
[TimeControl "3600+10"]

1. e4 e5 2. Nf3 Nc6 3. Bc4 Bc5 4. c3 d6 5. d4 exd4 6. cxd4 Bb4+ 7. Bd2 Bxd2+
8. Nbxd2 Nf6 9. d5 Ne5 10. Nxe5 dxe5 11. O-O O-O 12. Re1 Qd6 13. Nf3 Rd8 14.
Bb3 Bg4 15. h3 Bh5 16. Qd3 c6 17. Rad1 cxd5 18. Bxd5 Nxd5 19. Qxd5 Qxd5 20.
Rxd5 Bxf3 21. gxf3 f6 22. Red1 Rxd5 23. Rxd5 Kf8 24. Rd7 b6 25. Kg2 a5 26.
Rb7 Ra6 27. Kg3 h6 28. f4 exf4+ 29. Kxf4 Kg8 30. Kf5 Kh7 31. a4 h5 32. f4
Kh6 33. h4 Kh7 34. e5 fxe5 35. Kxe5 Kg6 36. f5+ Kh6 37. Kf4 b5 38. axb5 Rd6
39. Ke5 Rf6 40. Rb8 Kh7 41. b6 Rc6 42. Kd5 Rf6 43. Ke5 Rc6 44. b7 Rb6 45.
Kd5 Rf6 46. Rh8+ Kxh8 47. b8=Q+ Kh7 48. Ke5 Rh6 49. Qa7 Rf6 50. Qe7 Rb6 51.
Qd8 Ra6 52. Qb8 Rf6 53. Qd8 Ra6 54. Qg5 Rh6 55. Qxh6+ Kxh6 56. Ke6 a4 57. f6
gxf6 58. Kxf6 Kh7 59. Kg5 Kg7 60. Kxh5 Kf6 61. Kg4 Ke5 62. Kg5 Kd4 63. h5
Kd3 64. h6 Kc2 65. h7 Kxb2 66. h8=Q+ Kb3 67. Kf4 a3 68. Ke3 Kc2 69. Qa1 Kb3
70. Kd3 a2 71. Kd2 Ka3 72. Kc3 Ka4 73. Qxa2+ Kb5 74. Qc4+ Ka5 75. Kd4 Kb6
76. Kd5 Ka5 77. Kd6 Kb6 78. Qc5+ Kb7 79. Kd7 Ka6 80. Qb4 Ka7 81. Kc7 Ka6 82.
Qb6# {Black checkmated} 1-0

[Event "ICC tourney 1954 (60 10)"]
[Site "Internet Chess Club"]
[Date "2020.08.08"]
[Round "6"]
[White "suhavit"]
[Black "Kfprasanna"]
[Result "1-0"]
[ICCResult "Black checkmated"]
[WhiteElo "1200"]
[BlackElo "1338"]
[Opening "Giuoco Piano"]
[ECO "C50"]
[NIC "IG.02"]
[Time "18:32:06"]
[TimeControl "3600+10"]

1. e4 e5 2. Nf3 Nc6 3. Bc4 Bc5 4. Nc3 d6 5. h3 Nf6 6. d3 Be6 7. Bb3 h6 8.
O-O O-O 9. Be3 Bb6 10. Qd2 Re8 11. Rfe1 Qd7 12. Kh2 Rad8 13. Rad1 Nh7 14.
Bxb6 axb6 15. Qe3 Qe7 16. Kg1 Qf6 17. Ne2 Bxb3 18. axb3 Nb4 19. Qd2 Nc6 20.
Ra1 Ra8 21. Ng3 Rxa1 22. Rxa1 Qe6 23. Nf5 Nf6 24. Qe2 d5 25. Ng3 dxe4 26.
Nxe4 Nxe4 27. Qxe4 f5 28. Qe2 e4 29. dxe4 fxe4 30. Nd2 Nd4 31. Qd1 e3 32.
fxe3 Qxe3+ 33. Kh1 Nc6 34. Nf3 Qe2 35. Qd5+ Kh8 36. Re1 Rd8 37. Qxd8+ Nxd8
38. Rxe2 Nc6 39. Rd2 Kh7 40. Rd7 Nb4 41. Rxc7 Kg6 42. Rxb7 Nxc2 43. Rxb6+
Kh7 44. b4 Ne3 45. b5 Nc4 46. Rb8 Nxb2 47. b6 Nc4 48. b7 Nd6 49. Ne5 Nxb7
50. Rxb7 Kh8 51. Kh2 Kh7 52. Kg3 h5 53. Kh4 Kh6 54. Rb6+ Kh7 55. Kxh5 Kh8
56. Kg6 Kg8 57. Rb8# {Black checkmated} 1-0

[Event "ICC tourney 1954 (60 10)"]
[Site "Internet Chess Club"]
[Date "2020.08.08"]
[Round "6"]
[White "pillaivar"]
[Black "Austin513"]
[Result "0-1"]
[ICCResult "White checkmated"]
[WhiteElo "1145"]
[BlackElo "1123"]
[Opening "Giuoco Piano"]
[ECO "C54"]
[NIC "IG.02"]
[Time "18:32:10"]
[TimeControl "3600+10"]

1. e4 e5 2. Nf3 Nc6 3. Bc4 Bc5 4. c3 Nf6 5. d3 h6 6. Be3 Bxe3 7. fxe3 d6 8.
Nbd2 O-O 9. d4 Bg4 10. h3 Bh5 11. g4 Bg6 12. Bd3 d5 13. exd5 Nxd5 14. Bxg6
fxg6 15. Qe2 exd4 16. cxd4 Re8 17. e4 Nf4 18. Qc4+ Kh7 19. h4 Qd5 20. Qxd5
Nxd5 21. O-O-O Nf6 22. d5 Ne5 23. Nxe5 Rxe5 24. g5 Nxe4 25. Rde1 Rae8 26.
Nxe4 Rxe4 27. Rxe4 Rxe4 28. gxh6 gxh6 29. Kc2 Rd4 30. Re1 g5 31. hxg5 hxg5
32. Re7+ Kg6 33. Rxc7 g4 34. Rxb7 g3 35. Rb8 Kg7 36. Re8 Rxd5 37. Re1 Kf6
38. Rg1 Rg5 39. Kd3 Kf5 40. Ke3 Kg4 41. b4 Kh3 42. Rh1+ Kg4 43. Rg1 Rf5 44.
a4 Rf4 45. Rb1 g2 46. Rg1 Rf3+ 47. Ke4 Kg3 48. Kd5 Rf1 49. Rxg2+ Kxg2 50.
Kc6 Rf4 51. Kb5 Re4 52. a5 Re6 53. Kc5 Kf3 54. Kd5 Rh6 55. Kc4 Ke4 56. b5
Rh5 57. b6 a6 58. b7 Rb5 59. b8=Q Rxb8 60. Kc5 Rb5+ 61. Kc6 Rxa5 62. Kb7 Ra1
63. Kb6 a5 64. Kb5 a4 65. Kb4 Kd4 66. Kb5 a3 67. Kb4 a2 68. Kb3 Rc1 69. Kxa2
Rc8 70. Kb2 Kd3 71. Kb3 Rb8+ 72. Ka4 Kc3 73. Ka5 Kc4 74. Ka6 Kc5 75. Ka7 Rb1
76. Ka6 Rb2 77. Ka7 Kc6 78. Ka8 Kc7 79. Ka7 Ra2# {White checkmated} 0-1

[Event "ICC tourney 1954 (60 10)"]
[Site "Internet Chess Club"]
[Date "2020.08.08"]
[Round "6"]
[White "Yadhunandan"]
[Black "NJLandshark"]
[Result "1/2-1/2"]
[ICCResult "Game drawn by mutual agreement"]
[WhiteElo "876"]
[BlackElo "1233"]
[Opening "King's Indian: 6.Be2"]
[ECO "E91"]
[NIC "KI.19"]
[Time "18:32:26"]
[TimeControl "3600+10"]

1. d4 Nf6 2. c4 g6 3. Nc3 Bg7 4. e4 d6 5. Nf3 O-O 6. Be2 c5 7. O-O b6 8. e5
Nfd7 9. exd6 exd6 10. Bg5 Qc7 11. Nd2 Bb7 12. Bf3 Bxf3 13. Qxf3 Qc6 14. Qxc6
Nxc6 15. d5 Na5 16. Be7 Rfe8 17. Bxd6 Bxc3 18. bxc3 Ne5 19. Bxe5 Rxe5 20.
Rfe1 Rae8 21. Rxe5 Rxe5 22. d6 Re8 23. Nb3 Nxc4 24. d7 Rd8 25. Rd1 Ne5 26.
g3 Rxd7 27. Rxd7 Nxd7 28. a4 f5 29. a5 Kf7 30. axb6 axb6 31. Kg2 Ke6 32. Kf3
Kd5 33. g4 Kc4 34. Nc1 Kxc3 35. gxf5 gxf5 36. Kf4 Kd2 37. Nb3+
{Game drawn by mutual agreement}
1/2-1/2

[Event "ICC tourney 1954 (60 10)"]
[Site "Internet Chess Club"]
[Date "2020.08.08"]
[Round "6"]
[White "yayadream"]
[Black "auggie29"]
[Result "0-1"]
[ICCResult "White checkmated"]
[WhiteElo "1323"]
[BlackElo "1079"]
[Opening "French defense"]
[ECO "C00"]
[NIC "FR.01"]
[Time "18:32:26"]
[TimeControl "3600+10"]

1. e4 e6 2. Nf3 d5 3. exd5 exd5 4. d4 c5 5. Bb5+ Nc6 6. Ne5 Qb6 7. Ba4 Nf6
8. O-O Be7 9. dxc5 Qxc5 10. Be3 Qd6 11. Nxc6 bxc6 12. Nc3 O-O 13. h3 Bd7 14.
Bg5 Qb4 15. Bb3 h6 16. Bd2 Qd6 17. Qf3 Qc7 18. Bf4 Bd6 19. Bxh6 Nh7 20. Bd2
Rfe8 21. Ne2 Re6 22. Bc3 Rg6 23. Ng3 Re8 24. Nf5 Be5 25. Bxe5 Qxe5 26. Nh4
Rh6 27. Rfe1 Qg5 28. Rxe8+ Bxe8 29. Nf5 Rf6 30. Ne7+ Kf8 31. Qe2 Re6 32. Qd3
g6 33. Nc8 Qd8 34. Nxa7 Qb6 35. Nc8 Qc7 36. Qa6 c5 37. Qa8 Bc6 38. Qa6 Bb7
39. Qa7 Ra6 40. Bxd5 Rxa7 41. Nxa7 Bxd5 42. Nb5 Qe5 43. Nc3 Qg5 44. Nxd5
Qxd5 45. c3 Nf6 46. a3 Qd2 47. b4 Qxc3 48. Rd1 cxb4 49. axb4 Qxb4 50. Rd8+
Kg7 51. Rd1 Qf4 52. g3 Qh6 53. Kg2 Qh5 54. Rd4 Qe5 55. Rf4 Qd5+ 56. Kh2 Nh5
57. Rh4 Qf3 58. Kg1 Nxg3 59. Rg4 Qh1# {White checkmated} 0-1

[Event "ICC tourney 1954 (60 10)"]
[Site "Internet Chess Club"]
[Date "2020.08.08"]
[Round "6"]
[White "antonk2012"]
[Black "AD-chess"]
[Result "0-1"]
[ICCResult "White checkmated"]
[WhiteElo "731"]
[BlackElo "1097"]
[Opening "Sicilian: Smith-Morra gambit"]
[ECO "B21"]
[NIC "SI.48"]
[Time "18:32:23"]
[TimeControl "3600+10"]

1. e4 c5 2. d4 cxd4 3. Qxd4 Nc6 4. Qa4 e5 5. Nf3 Nf6 6. Bb5 Bc5 7. Bxc6 bxc6
8. Nxe5 Qe7 9. Bf4 Bd6 10. Nxc6 Bb4+ 11. Nxb4 Qxe4+ 12. Be3 Qxg2 13. Rf1
Qxh2 14. Nd3 O-O 15. f3 Qg3+ 16. Kd1 Bb7 17. Nd2 Rfe8 18. Rg1 Bxf3+ 19. Nxf3
Qxf3+ 20. Kd2 Ne4+ 21. Ke1 Qxe3+ 22. Kf1 Qf3+ 23. Ke1 Nc3+ 24. Kd2 Nxa4 25.
Raf1 Qe2+ 26. Kc1 Rac8 27. Nb4 Qc4 28. a3 a5 29. b3 Qc3 30. Rf2 Qe3+ 31. Rd2
Qxg1+ 32. Rd1 Re1 33. c4 Rxd1+ 34. Kc2 axb4 35. bxa4 Rxc4+ 36. Kb3 Qd4 37.
a5 Qc3+ 38. Ka4 b3+ 39. Kb5 Rd5+ 40. Kb6 Rc6+ 41. Kb7 Rb5+ 42. Ka7 Qxa5#
{White checkmated}
0-1

[Event "ICC tourney 1954 (60 10)"]
[Site "Internet Chess Club"]
[Date "2020.08.08"]
[Round "6"]
[White "stephenwilly"]
[Black "BotanicalKnight"]
[Result "0-1"]
[ICCResult "White checkmated"]
[WhiteElo "1131"]
[BlackElo "1401"]
[Opening "Caro-Kann: Panov-Botvinnik attack, 5...e6"]
[ECO "B14"]
[NIC "CK.03"]
[Time "18:32:11"]
[TimeControl "3600+10"]

1. e4 c6 2. d4 d5 3. exd5 cxd5 4. c4 Nf6 5. Nc3 e6 6. Nf3 Bb4 7. Bd2 O-O 8.
c5 b6 9. a3 Bxc3 10. Bxc3 bxc5 11. dxc5 a5 12. Bd3 Nbd7 13. Ng5 h6 14. c6
Nc5 15. Bxf6 Qxf6 16. Nh7 Qe5+ 17. Kf1 Nxd3 18. Qxd3 Ba6 19. Qxa6 Rxa6 20.
Nxf8 Kxf8 21. Rc1 Qc7 22. b4 Rxc6 23. Re1 axb4 24. axb4 Rc1 25. Ke2 Qc4+ 26.
Kf3 Qc3+ 27. Re3 Qf6+ 28. Ke2 Rxh1 29. b5 Qb2+ 30. Kf3 Rxh2 31. b6 Qxb6 32.
Kg3 Rh1 33. Rc3 Qb8+ 34. Kf3 Rb1 35. g4 Rb3 36. Kg2 Rxc3 37. g5 hxg5 38. f3
Qf4 39. Kg1 Qg3+ 40. Kf1 Rc2 41. f4 Qf2# {White checkmated} 0-1

[Event "ICC tourney 1954 (60 10)"]
[Site "Internet Chess Club"]
[Date "2020.08.08"]
[Round "6"]
[White "wonderwoman"]
[Black "lukebugbee"]
[Result "0-1"]
[ICCResult "White resigns"]
[WhiteElo "1303"]
[BlackElo "960"]
[Opening "Sicilian: Grand Prix attack"]
[ECO "B21"]
[NIC "SI.48"]
[Time "18:32:09"]
[TimeControl "3600+10"]

1. e4 c5 2. f4 d6 3. Nf3 e6 4. Bc4 Nc6 5. O-O Be7 6. Nc3 a6 7. d4 b5 8. Be2
c4 9. b3 cxb3 10. axb3 Bb7 11. d5 Nb8 12. dxe6 fxe6 13. Nd4 Qc8 14. f5 Qxc3
15. Bh5+ Kd7 16. Nxe6 Qxa1 17. Nc5+ Kc7 18. Nxb7 Nc6 19. Qd5 Qd4+ 20. Qxd4
Nxd4 21. Na5 Nf6 22. Bf7 Ne2+ 23. Kh1 Nxc1 24. Rxc1 Nxe4 25. Kg1 Nc3 26. Re1
Bg5 27. b4 Rhf8 28. Be6 g6 29. g4 Bh4 30. Re3 Nd1 31. Rh3 g5 32. Nb3 Rae8
33. Nd4 Kb6 34. Rd3 Bf2+ 35. Kf1 Bxd4 36. Rxd1 Rxe6 37. Rxd4 Ref6 38. Ke2 a5
39. bxa5+ Kxa5 40. Kd3 Rc8 41. c3 Rh6 42. Kc2 Rh3 43. c4 Rxc4+ 44. Rxc4 bxc4
{White resigns}
0-1

[Event "ICC tourney 1954 (60 10)"]
[Site "Internet Chess Club"]
[Date "2020.08.08"]
[Round "6"]
[White "GreSci"]
[Black "Knighthhhh"]
[Result "1-0"]
[ICCResult "Black checkmated"]
[WhiteElo "1089"]
[BlackElo "634"]
[Opening "French: classical"]
[ECO "C13"]
[NIC "FR.06"]
[Time "18:32:26"]
[TimeControl "3600+10"]

1. e4 e6 2. d4 d5 3. Nc3 Nf6 4. Bg5 Be7 5. e5 Nfd7 6. Be3 O-O 7. Bd3 Re8 8.
h4 c5 9. Qg4 f5 10. Qf4 Nc6 11. Nf3 Qb6 12. O-O-O c4 13. Bxc4 Bb4 14. Nxd5
exd5 15. Bxd5+ Kh8 16. Ng5 Nd8 17. Qxf5 Nf6 18. Qd3 h6 19. exf6 Qxf6 20.
Qh7# {Black checkmated} 1-0

[Event "ICC tourney 1954 (60 10)"]
[Site "Internet Chess Club"]
[Date "2020.08.08"]
[Round "6"]
[White "agrimjax1"]
[Black "charlestxie"]
[Result "1-0"]
[ICCResult "Black resigns"]
[WhiteElo "1256"]
[BlackElo "1223"]
[Opening "French: advance, Milner-Barry gambit"]
[ECO "C02"]
[NIC "FR.03"]
[Time "18:32:11"]
[TimeControl "3600+10"]

1. e4 e6 2. d4 d5 3. e5 c5 4. c3 Nc6 5. Nf3 Qb6 6. Bd3 Bd7 7. dxc5 Bxc5 8.
O-O Qc7 9. Re1 Nge7 10. Nbd2 Ng6 11. Nb3 Bb6 12. Bxg6 hxg6 13. Bg5 a6 14.
Qd3 Ne7 15. Rac1 Bb5 16. Qc2 Rc8 17. Bxe7 Qxe7 18. Nbd4 Qc5 19. b4 Qc7 20.
a4 Bc4 21. a5 Bxd4 22. cxd4 Qd7 23. Qd2 Bb5 24. Rxc8+ Qxc8 25. Rc1 Qd7 26.
Qc3 Qc6 27. Qc5 Qxc5 28. bxc5 Ke7 29. h3 f6 30. Kh2 g5 31. Kg3 Rh5 32. exf6+
gxf6 33. Kg4 Rh6 34. h4 gxh4 35. Nxh4 f5+ 36. Kg5 Rh7 37. Ng6+ Kf7 38. Ne5+
Ke7 39. g4 fxg4 40. Kxg4 Rg7+ 41. Kf4 Rg8 42. Rh1 Rg7 43. Rh5 Kd8 44. Rh6
Bd7 45. Rg6 Rxg6 46. Nxg6 Ke8 47. Ke5 Kd8 48. Kd6 Bc8 49. Nf4 {Black
resigns} 1-0

[Event "ICC tourney 1954 (60 10)"]
[Site "Internet Chess Club"]
[Date "2020.08.08"]
[Round "6"]
[White "MBashur"]
[Black "handsomematch"]
[Result "0-1"]
[ICCResult "White resigns"]
[WhiteElo "897"]
[BlackElo "1217"]
[Opening "Queen's pawn: London system"]
[ECO "A45"]
[NIC "QP.07"]
[Time "18:32:09"]
[TimeControl "3600+10"]

1. d4 Nf6 2. Bf4 g6 3. e3 Bg7 4. h3 O-O 5. Nf3 d5 6. Nbd2 Nbd7 7. Bd3 c5 8.
b3 cxd4 9. Nxd4 e5 10. Bg5 exd4 11. exd4 Re8+ 12. Be3 Nb6 13. O-O Ne4 14. a4
Bf5 15. a5 Nd7 16. Nxe4 Bxe4 17. c4 Bxd3 18. Qxd3 dxc4 19. Qxc4 Rc8 20. Qb4
b6 21. axb6 Qxb6 22. Qxb6 axb6 23. Ra7 Nf6 24. Rb7 Nd5 25. Kh2 Nxe3 26. fxe3
f5 27. d5 Rxe3 28. b4 Rd3 29. b5 Rxd5 30. Rxb6 Rc2 31. Rb8+ Bf8 32. Re1 Kg7
33. Kh1 Rb2 34. b6 Rd6 35. Ree8 Rf6 36. Rbd8 Rbxb6 37. Rb8 Rxb8 38. Rxb8 Re6
39. Rb7+ Kh6 40. Kh2 Re7 41. Rb5 Re5 42. Rb7 Bd6 43. Kg1 Rd5 44. Kf1
{White resigns}
0-1

[Event "ICC tourney 1954 (60 10)"]
[Site "Internet Chess Club"]
[Date "2020.08.08"]
[Round "6"]
[White "ABecker755"]
[Black "nogf-Sadge"]
[Result "0-1"]
[ICCResult "White checkmated"]
[WhiteElo "1368"]
[BlackElo "1369"]
[Opening "Sicilian: Alapin's variation (2.c3)"]
[ECO "B22"]
[NIC "SI.46"]
[Time "18:32:26"]
[TimeControl "3600+10"]

1. e4 c5 2. c3 d5 3. exd5 Qxd5 4. d4 Nf6 5. Nf3 Bg4 6. Be2 e6 7. O-O Nc6 8.
dxc5 Bxc5 9. Qxd5 Nxd5 10. Re1 O-O 11. Nd4 Nxd4 12. cxd4 Bb4 13. Bd2 Bxe2
14. Rxe2 Rfd8 15. Nc3 Bxc3 16. Bxc3 Rac8 17. Rc1 Rc4 18. g3 Rdc8 19. Rec2 b5
20. a3 a5 21. Kf1 b4 22. Ke2 bxc3 23. bxc3 Rxc3 24. Rxc3 Rxc3 25. Rxc3 Nxc3+
26. Kd2 Nb1+ 27. Kc2 Nxa3+ 28. Kb3 Nb5 29. Ka4 Nxd4 30. Kxa5 Kf8 31. Kb4 Ke7
32. Kc4 Nf5 33. Kd3 Kd6 34. Ke4 g5 35. g4 Ng7 36. f4 f5+ 37. gxf5 exf5+ 38.
Kf3 h6 39. fxg5 hxg5 40. Kg3 Nh5+ 41. Kf3 Ke5 42. h3 Nf6 43. Kg3 Ke4 44. Kg2
Ke3 45. Kf1 Kf3 46. Kg1 Kg3 47. h4 gxh4 48. Kh1 h3 49. Kg1 Ng4 50. Kh1 Nf2+
51. Kg1 h2+ 52. Kf1 h1=Q+ 53. Ke2 Qe4+ 54. Kf1 Nd3 55. Kg1 Qg2#
{White checkmated}
0-1

[Event "ICC tourney 1954 (60 10)"]
[Site "Internet Chess Club"]
[Date "2020.08.08"]
[Round "6"]
[White "Alec-hine"]
[Black "ThatGuyZach1234"]
[Result "0-1"]
[ICCResult "White resigns"]
[WhiteElo "1348"]
[BlackElo "974"]
[Opening "Pirc: classical system, 5.Be2"]
[ECO "A40"]
[NIC "PU.03"]
[Time "18:32:08"]
[TimeControl "3600+10"]

1. d4 g6 2. e4 Bg7 3. Nf3 d6 4. Be2 Nf6 5. Nc3 O-O 6. O-O c5 7. d5 e6 8. Nd2
exd5 9. exd5 Nbd7 10. a4 Ne5 11. h3 Ne8 12. Nf3 f5 13. Bf4 Nxf3+ 14. Bxf3 a6
15. a5 g5 16. Bh2 Rb8 17. Qd2 b5 18. axb6 Rxb6 19. Ra2 Rb4 20. Re1 Nc7 21.
b3 Rd4 22. Qc1 Rh4 23. Na4 g4 24. hxg4 fxg4 25. Be4 Rxh2 26. Kxh2 Qh4+ 27.
Kg1 Qxf2+ 28. Kh1 Qh4+ {White resigns} 0-1

[Event "ICC tourney 1954 (60 10)"]
[Site "Internet Chess Club"]
[Date "2020.08.08"]
[Round "6"]
[White "jhong2"]
[Black "CobaltGame"]
[Result "1-0"]
[ICCResult "Black checkmated"]
[WhiteElo "1273"]
[BlackElo "1280"]
[Opening "Queen's pawn game, Chigorin variation"]
[ECO "D02"]
[NIC "QP.09"]
[Time "18:31:45"]
[TimeControl "3600+10"]

1. Nf3 d5 2. d4 Nc6 3. g3 Bf5 4. Bg2 Nf6 5. O-O e6 6. Bg5 Be7 7. Nh4 Bg6 8.
Nxg6 hxg6 9. c3 Qd6 10. Bf4 Qd7 11. Na3 Nh5 12. Bd2 O-O-O 13. Re1 f5 14. Qb3
g5 15. Rad1 f4 16. c4 Nxd4 17. Qc3 Nc6 18. cxd5 exd5 19. gxf4 gxf4 20. Bh3
Qxh3 21. Qxh3+ Kb8 22. Qe6 Rd6 23. Qf7 Rf6 24. Qxd5 Rg6+ 25. Kf1 Rf6 26. Bc3
Rg6 27. Be5 Bxa3 28. bxa3 Rg5 29. Bxc7+ Kxc7 30. Qxg5 Nf6 31. Qxg7+ Kc8 32.
Qxh8+ Kc7 33. Qxf6 Kb6 34. Rb1+ Ka6 35. Qb2 Nb4 36. Qxb4 f3 37. Qb5#
{Black checkmated}
1-0

[Event "ICC tourney 1954 (60 10)"]
[Site "Internet Chess Club"]
[Date "2020.08.08"]
[Round "6"]
[White "Mikanikal"]
[Black "jxfan1"]
[Result "0-1"]
[ICCResult "White resigns"]
[WhiteElo "1308"]
[BlackElo "1264"]
[Opening "Queen's pawn: London system"]
[ECO "A45"]
[NIC "QP.07"]
[Time "18:32:26"]
[TimeControl "3600+10"]

1. d4 Nf6 2. Bf4 d5 3. e3 e6 4. Nf3 c5 5. c3 Nc6 6. Bd3 b6 7. h3 Bb7 8. O-O
Be7 9. Nbd2 O-O 10. Qc2 h6 11. e4 dxe4 12. Nxe4 cxd4 13. Nxf6+ Bxf6 14. Rad1
Rc8 15. Be4 Nb4 16. Qb1 Bxe4 17. Qxe4 Nd5 18. Nxd4 Bxd4 19. Rxd4 Nf6 20. Qd3
Nd5 21. Bg3 Qf6 22. Qd2 Qg6 23. Re1 Nf6 24. Be5 Nh7 25. Rg4 Ng5 26. f4 f6
27. fxg5 fxe5 28. gxh6 Qf6 29. Rxg7+ Kh8 30. Qe3 e4 31. Qxe4 Qxh6 32. Rxa7
Rf6 33. Qe5 Rc5 34. Qb8+ Rf8 35. Qxb6 Rcf5 36. Qxe6 Rf1+ 37. Rxf1 Rxf1+ 38.
Kxf1 Qxe6 39. b3 Qf5+ 40. Ke2 Qe5+ 41. Kd3 Qd5+ 42. Kc2 Qf5+ 43. Kb2 Qf2+
44. Kb1 Qxa7 45. a4 Qg1+ 46. Kb2 Qxg2+ 47. Ka3 Qxh3 48. Kb4 Qg4+ 49. c4 Qc8
50. a5 Kg7 51. c5 Kf7 52. Kc4 Ke6 53. b4 Qa6+ 54. Kd4 Qb5 {White resigns}
0-1